[Event "*** SCC Grand Prix: Titled Tuesday Blitz"]
[Site "Chess.com"]
[Date "2020.08.11"]
[Round "3"]
[White "VladaSviridova"]
[Black "temus_galaktionov"]
[Result "1-0"]
[WhiteElo "2247"]
[BlackElo "2663"]
[TimeControl "180+1"]
[EndTime "10:29:35 PDT"]
[Termination "VladaSviridova won by resignation"]

1. d4 c6 2. c4 g6 3. Nc3 Bg7 4. Nf3 d6 5. e4 Nd7 6. Be2 e5 7. O-O Ngf6 8. Qc2 O-O 9. Rd1 Qe7 10. d5 c5 11. Ne1 Ne8 12. Be3 f5 13. f3 f4 14. Bf2 g5 15. a3 h5 16. b4 b6 17. bxc5 bxc5 18. Rab1 Bh6 19. Qa4 a6 20. Qc6 Nc7 21. Qxc7 Qf6 22. Na4 Qg6 23. Nb6 Nxb6 24. Rxb6 Rf6 25. Qd8+ Bf8 26. Bxc5 Bb7 27. Qd7 Rf7 28.
Qe6 Qg7 29. Rxb7 dxc5 30. Qxf7+ Qxf7 31. Rxf7 Kxf7 32. Rb1 Bd6 33. Rb6 Ke7 34. Nd3 Kd7 35. Bd1 Kc7 36. Rc6+ Kd7 37. Ba4 Ke7 38. Rb6 Ra7 39.
Bc6 Kd8 40. Rb7 Rxb7 41. Bxb7 a5 42. Nb2 Kc7 43. Bc6 Be7 44. Na4 h4 45. Be8 Bf8 46. g3 Kd6 47. Kg2 Ke7 48. Bc6 Kf6 49. Kh3 hxg3 50.
hxg3 Bd6 51. gxf4 exf4 52. Kg4 Be7 53. Nb6 Ke5 54. Nc8 Bd8 55. d6 Kd4 56. Bd5 Ke5 57. d7 Kf6 58. Kh5 Kg7 59. Nd6 Kf6 60. Nb7 Ke7 61.
Nxd8 Kxd8 62. Bc6 Kc7 63. Kxg5 a4 64. e5 Kd8 65. e6 Ke7 66. Kf5 Kd8 67. Kf6 Kc7 68.
Bxa4 Kd6 69. e7 Kc7 70. d8=Q+ Kb7 71. Qd7+ Ka6 72. Qb5+ Ka7 73. Qa5+ Kb7 74. Qb5+ Ka7 75. Qxc5+ Kb7 76. e8=Q Ka6 1-0

[Event "*** SCC Grand Prix: Titled Tuesday Blitz"]
[Site "Chess.com"]
[Date "2020.08.11"]
[Round "3"]
[White "Heineccius"]
[Black "mishikomchedlishvili"]
[Result "0-1"]
[WhiteElo "2605"]
[BlackElo "2812"]
[TimeControl "180+1"]
[EndTime "10:29:37 PDT"]
[Termination "mishikomchedlishvili won by resignation"]

1. d4 d5 2. c4 c6 3. Nf3 Nf6 4. e3 Bf5 5. Nc3 e6 6. Nh4 Be4 7.
f3 Bg6 8. cxd5 cxd5 9. e4 Nxe4 10.
Nxg6 Nxc3 11. Qb3 hxg6 12. Qxb7 Nd7 13. bxc3 Bd6 14. Bg5 Qc8 15. Qb3 Rb8 16. Qc2 Bxh2 17.
Kd1 Rh5 18. g4 Rxg5 19. Rxh2 Ke7 20. Qd2 f6 21. Bd3 Qc7 22. Rb1 Rxb1+ 23. Bxb1 Qg3 24. Rf2 Nb6 25. Bd3 e5 26. Kc2 e4 27. fxe4 Rxg4 28.
exd5 Qd6 29. Re2+ Kf8 30. c4 Qa3 31. Qe3 Qxa2+ 32. Kd1 Qa1+ 33. Kd2 Qb2+ 34. Kd1 Rg1+ 35. Qxg1 Qa1+ 0-1

[Event "*** SCC Grand Prix: Titled Tuesday Blitz"]
[Site "Chess.com"]
[Date "2020.08.11"]
[Round "3"]
[White "Srisshhhtea"]
[Black "Firegrizzly"]
[Result "1/2-1/2"]
[WhiteElo "2334"]
[BlackElo "2545"]
[TimeControl "180+1"]
[EndTime "10:29:37 PDT"]
[Termination "Game drawn - insufficient material"]

1. d4 Nf6 2. c4 g6 3. Nc3 Bg7 4. e4 Bf8 5. Nf3 Bg7 6. Ng1 d6 7. Bd3 O-O 8. Nge2 e5 9. O-O exd4 10. Nxd4 c6 11. Bc2 a5 12. Kh1 Na6 13. f3 Nc5 14. Be3 Re8 15. Qd2 Nfd7 16. Rad1 Qh4 17. Bg5 Qh5 18. g4 Qh3 19. Nde2 Ne5 20. Ng1 Nxf3 21.
Nxh3 Nxd2 22. Rxd2 Bxg4 23. Kg2 Be6 24. Rxd6 Bxc4 25.
Rfd1 Ne6 26. Be3 a4 27. Nxa4 Bxa2 28. Nb6 Rad8 29. Rxd8 Rxd8 30. Rxd8+ Nxd8 31. b3 Ne6 32. Nf2 Bd4 33. Bxd4 Nxd4 34. Bd1 Bxb3 35. Bxb3 Nxb3 36. Nd3 Kg7 37. Kf3 h5 38. Kf4 f6 39. h4 Kh6 40. Nd7 g5+ 41. Kg3 Kg6 42. hxg5 fxg5 43. N3e5+ Kg7 44. Nf3 Kg6 45. Nde5+ Kf6 46. Nd7+ Ke7 47.
Nde5 g4 48. Ne1 Nd2 49. N1d3 Nxe4+ 50. Kf4 Nf6 51. Ng6+ Kf7 52. Nge5+ Ke6 53. Nc5+ Kd5 54. Nxb7 g3 55. Nf3 g2 56. Kg3 c5 57. Kxg2 c4 58.
Na5 c3 59. Nb3 Ne4 60. Nc1 Kc4 61. Ne2 c2 62. Nc1 Kc3 63. Kh3 Kb2 64. Nd3+ Kc3 65. Nc1 Nd2 66. Nxd2 Kxd2 67. Nb3+ Kc3 68. Nc1 Kb2 69.
Nd3+ Kc3 70. Nc1 Kd2 71. Nb3+ Kd1 72. Kh4 c1=Q 73. Nxc1 Kxc1 74. Kxh5 1/2-1/2

[Event "*** SCC Grand Prix: Titled Tuesday Blitz"]
[Site "Chess.com"]
[Date "2020.08.11"]
[Round "3"]
[White "GMBenjaminBok"]
[Black "Rud_Makarian"]
[Result "1-0"]
[WhiteElo "2911"]
[BlackElo "2673"]
[TimeControl "180+1"]
[EndTime "10:29:38 PDT"]
[Termination "GMBenjaminBok won on time"]

1. d4 Nf6 2. c4 g6 3. Nf3 Bg7 4. g3 c5 5. Bg2 cxd4 6. Nxd4 h5 7. Nc3 h4 8. Bg5 h3 9. Bf3 Nc6 10. O-O Ne5 11. Rc1 d6 12. Bh1 O-O 13. b3 Rb8 14.
Qd2 Kh7 15. Rfd1 a6 16. Qf4 Bg4 17. c5 Nh5 18. Qe3 f6 19. Bf4 Qa5 20. cxd6 exd6 21. Nd5 Rbe8 22. Qd2 Qd8 23. Be3 Rf7 24. Rc3 Bd7 25.
Rdc1 Ng4 26. Rc7 Nxe3 27. Nxe3 Bh6 28. Rxb7 Rxe3 29. fxe3 Qe8 30. Rc3 Re7 31. Nc2 Bf5 32. Rxe7+ Qxe7 33. Kf2 Ng7 34. Bf3 Ne6 35. Nd4 Nxd4 36.
Qxd4 Bg7 37. Rc6 Qe8 38. Qxd6 1-0

[Event "*** SCC Grand Prix: Titled Tuesday Blitz"]
[Site "Chess.com"]
[Date "2020.08.11"]
[Round "3"]
[White "Fighterman91"]
[Black "emiliocordova"]
[Result "0-1"]
[WhiteElo "2622"]
[BlackElo "2837"]
[TimeControl "180+1"]
[EndTime "10:29:38 PDT"]
[Termination "emiliocordova won on time"]

1. e4 c5 2. Nf3 Nc6 3. Bb5 e6 4. O-O Nge7 5. d4 cxd4 6. Nxd4 Ng6 7. Be2 Be7 8. Be3 O-O 9. Nb3 b6 10. c4 Bb7 11. Nc3 f5 12. exf5 Rxf5 13. f4 Rc8 14.
Bd3 Rf7 15. Be4 Qc7 16. Nb5 Qb8 17. Qxd7 Bc5 18. Nxc5 Rxd7 19. Nxd7 Qa8 20. Nd6 Rc7 21. Ne5 Ncxe5 22. Bxb7 Rxb7 23. fxe5 Rd7 24. Bd4 Nh4 25. Rf2 g6 26. Raf1 Nf5 27. Bc3 h5 28. Rf3 Kh7 29. Re1 Qc6 30. Ref1 a6 31. b3 b5 32. cxb5 axb5 33.
Bb2 Qc5+ 34. Kh1 Ra7 35. a3 Qc2 36. R3f2 Qxb3 37. Ne4 Kg7 38. Ng5 Rd7 39. Ne4 Rd1 40. Ba1 Qb1 41. Kg1 Qxa1 0-1

[Event "*** SCC Grand Prix: Titled Tuesday Blitz"]
[Site "Chess.com"]
[Date "2020.08.11"]
[Round "3"]
[White "volkanyirik"]
[Black "TST2014"]
[Result "0-1"]
[WhiteElo "2270"]
[BlackElo "2516"]
[TimeControl "180+1"]
[EndTime "10:29:39 PDT"]
[Termination "TST2014 won by resignation"]

1. e4 c5 2. Nc3 Nc6 3. f4 g6 4. Bc4 Bg7 5. Nf3 e6 6. O-O Nge7 7.
d3 d5 8. Bb3 O-O 9. Qe1 a6 10.
a4 Nd4 11. Nxd4 cxd4 12. Ne2 dxe4 13. dxe4 d3 14. Nc3 Nc6 15. Be3 Nd4 16. Bxd4 Qxd4+ 17. Kh1 dxc2 18. Bxc2 Qb4 19. Rb1 Bd7 20. e5 Bc6 21.
Be4 Rac8 22. Bxc6 Rxc6 23. Ne4 Qxa4 24. Nd6 Rc2 25. b4 Qc6 26. Rf3 Ra8 27. h3 Bf8 28. Ne4 Rd8 29. Nf6+ Kh8 30. Qh4 h6 31. Ng4 Rdd2 32. Nxh6 Bxh6 33. Qxh6+ Kg8 34. Qg5 Rxg2 35. Qd8+ Kg7 36. Qf6+ Kf8 37. Qd8+ Qe8 38. Qxe8+ Kxe8 39. Rd1 Rh2+ 40. Kg1 Rcg2+ 41. Kf1 Rb2 42. Kg1 Rhg2+ 43. Kf1 Rgc2 44. Rfd3 Kf8 45. Rd7 b5 46. Rd8+ Kg7 47.
R8d6 Rxb4 48. Rxa6 Rxf4+ 49. Kg1 Re4 50. Ra7 Rxe5 51.
Rf1 Rf5 52. Re1 0-1

[Event "*** SCC Grand Prix: Titled Tuesday Blitz"]
[Site "Chess.com"]
[Date "2020.08.11"]
[Round "3"]
[White "Izoria123"]
[Black "maximnovik"]
[Result "1-0"]
[WhiteElo "2866"]
[BlackElo "2450"]
[TimeControl "180+1"]
[EndTime "10:29:40 PDT"]
[Termination "Izoria123 won by checkmate"]

1. Nf3 Nf6 2. c4 g6 3. Nc3 d5 4.
cxd5 Nxd5 5. d3 Bg7 6. Bd2 O-O 7.
g3 c5 8. Bg2 Nc6 9. h4 Nxc3 10.
bxc3 h6 11. O-O b6 12. h5 gxh5 13. Qa4 Bd7 14. Qh4 Bg4 15. Rfe1 Rc8 16. Rad1 Qd6 17. Qh1 Rfd8 18. Nh2 Ne5 19. Bf4 Qg6 20. Nxg4 hxg4 21. Be4 f5 22. Bb7 Rc7 23. Bd5+ e6 24. Bb3 Rcd7 25.
Bxe5 Bxe5 26. Qc6 Rd6 27. Qa4 Bxc3 28. Rf1 Kg7 29. Qxa7+ R8d7 30. Qa4 Bf6 31. e3 h5 32.
Kg2 h4 33. gxh4 Bxh4 34. Rh1 Bf6 35. Qf4 e5 36. Qg3 Rxd3 37. Rxd3 Rxd3 38. Qh2 f4 39. Qh8# 1-0

[Event "*** SCC Grand Prix: Titled Tuesday Blitz"]
[Site "Chess.com"]
[Date "2020.08.11"]
[Round "3"]
[White "PavelShkapenko"]
[Black "laboratorio25"]
[Result "1/2-1/2"]
[WhiteElo "2651"]
[BlackElo "2426"]
[TimeControl "180+1"]
[EndTime "10:29:40 PDT"]
[Termination "Game drawn by repetition"]

1. e4 c5 2. c3 Nf6 3. e5 Nd5 4. d4 cxd4 5. cxd4 d6 6. Nf3 Nc6 7. Bc4 e6 8. O-O Be7 9. Bd2 a6 10. Nc3 Nxc3 11. Bxc3 b5 12. Bd3 Bb7 13. Qe2 d5 14. Bd2 Rc8 15. a4 bxa4 16. Rxa4 a5 17. Rfa1 Bb4 18. Bxb4 axb4 19. h4 O-O 20. h5 Qb6 21.
Qe3 h6 22. Bb1 Ne7 23. Qd3 Rc1+ 24. Kh2 g6 25. Qe3 Rxb1 26. Rxb1 Bc6 27. Raa1 Nf5 28. Qd2 g5 29. g4 Ne7 30. Nxg5 hxg5 31. Qxg5+ Kh7 32.
Qxe7 Qxd4 33. Qxf8 Qxf2+ 34. Kh3 Qf3+ 35. Kh4 Qf2+ 36.
Kg5 Qd2+ 37. Kf6 Qf2+ 38. Ke7 Qc5+ 39. Kxf7 Qf2+ 40. Ke7 Qc5+ 41. Kf7 Qf2+ 42. Ke7 Qc5+ 43. Kf7 1/2-1/2

[Event "*** SCC Grand Prix: Titled Tuesday Blitz"]
[Site "Chess.com"]
[Date "2020.08.11"]
[Round "3"]
[White "xamax2000"]
[Black "guillembaches"]
[Result "1-0"]
[WhiteElo "2616"]
[BlackElo "2400"]
[TimeControl "180+1"]
[EndTime "10:29:40 PDT"]
[Termination "xamax2000 won on time"]

1. e4 c5 2. Nf3 d6 3. Bb5+ Bd7 4. Bxd7+ Qxd7 5. c4 e5 6. Nc3 Nc6 7. O-O Be7 8. a3 Bd8 9. d3 Nge7 10. Be3 a5 11.
Nd2 O-O 12. b3 f5 13. exf5 Nxf5 14. Nde4 Ncd4 15. Nd5 Ne7 16. Nec3 Nec6 17. Ne4 Ne7 18. Nxe7+ Bxe7 19. Nc3 b5 20. Bxd4 exd4 21. Nxb5 Rf6 22. Qh5 Rf5 23. Qg4 Raf8 24. Rae1 Bg5 25. f4 h5 26. Qh3 Bh6 27. g3 g5 28. Qxh5 R8f6 29.
Qe8+ Qxe8 30. Rxe8+ Kg7 31. Nc7 gxf4 32. Nd5 fxg3 33.
Rg8+ Kxg8 34. Nxf6+ Rxf6 35. Rxf6 Be3+ 36. Kg2 gxh2 37. Rxd6 1-0

[Event "*** SCC Grand Prix: Titled Tuesday Blitz"]
[Site "Chess.com"]
[Date "2020.08.11"]
[Round "3"]
[White "KingChess345"]
[Black "meoluoi91"]
[Result "0-1"]
[WhiteElo "2176"]
[BlackElo "2492"]
[TimeControl "180+1"]
[EndTime "10:29:40 PDT"]
[Termination "meoluoi91 won on time"]

1. d4 d5 2. Nf3 c6 3. g3 Bf5 4. Bg2 e6 5. O-O Nd7 6. c4 Ngf6 7. Qb3 Qb6 8. c5 Qxb3 9. axb3 Be7 10. b4 O-O 11.
Nc3 a6 12. Nd2 h6 13. Nb3 Bd8 14. Na5 Bxa5 15. bxa5 Ne8 16. Ra4 Nc7 17. f3 Bg6 18. e4 dxe4 19. fxe4 Nb5 20. Nxb5 axb5 21. Ra3 Nf6 22.
e5 Nd5 23. Bxd5 exd5 24. b4 Be4 25. g4 Kh7 26. Rg3 f6 27. exf6 Rxf6 28. Rxf6 gxf6 29. Bf4 Kg6 30. Kf2 Re8 31. h4 Re7 32. g5 fxg5 33. hxg5 h5 34. Be5 Re8 35. Bf6 Kf5 36. Rh3 Kg6 37.
Kg3 Bf5 38. Rh2 Re3+ 39. Kf4 Re4+ 40. Kf3 Bg4+ 41. Kg3 Re1 42. Ra2 Bc8 43. Rf2 Re3+ 44. Kf4 Re4+ 45. Kg3 h4+ 46. Kh2 h3 0-1

[Event "*** SCC Grand Prix: Titled Tuesday Blitz"]
[Site "Chess.com"]
[Date "2020.08.11"]
[Round "3"]
[White "Agibileg"]
[Black "rugbyclub"]
[Result "1-0"]
[WhiteElo "2409"]
[BlackElo "2175"]
[TimeControl "180+1"]
[EndTime "10:29:40 PDT"]
[Termination "Agibileg won by resignation"]

1. d4 Nf6 2. c4 e6 3. Nc3 Bb4 4. Bd2 d5 5. Rc1 O-O 6. e3 a6 7. Nf3 Nbd7 8. cxd5 exd5 9. Bd3 Re8 10. O-O Bd6 11. Na4 c6 12. Nc5 Nxc5 13. dxc5 Bc7 14. b4 Ne4 15. Bxe4 dxe4 16. Nd4 f5 17. Bc3 f4 18.
exf4 Bxf4 19. Rc2 Bc7 20. Rd2 Qg5 21. Re1 Bh3 22. g3 Bg4 23. Qb3+ Kh8 24. Qf7 Re7 25. Qc4 Qh5 26. Nc2 Rae8 27. Ne3 Bf3 28. a4 Re6 29. h4 Qg6 30. Rd7 Bxg3 31. fxg3 Qxg3+ 32. Kf1 Qh3+ 33. Kf2 Qxh4+ 34. Kf1 Qh3+ 35. Kf2 Qh2+ 36. Kf1 Bg2+ 37. Nxg2 Rf8+ 38. Ke2 Qxg2+ 39. Kd1 Qf3+ 40. Kc1 e3 41. Bxg7+ Kg8 42. Qxe6+ Rf7 43. Qxf7+ Qxf7 44. Rxf7 Kxf7 45.
Rxe3 Kxg7 46. Re7+ 1-0

[Event "*** SCC Grand Prix: Titled Tuesday Blitz"]
[Site "Chess.com"]
[Date "2020.08.11"]
[Round "3"]
[White "korkmaz16"]
[Black "viktorskliarov"]
[Result "0-1"]
[WhiteElo "2346"]
[BlackElo "2572"]
[TimeControl "180+1"]
[EndTime "10:29:41 PDT"]
[Termination "viktorskliarov won by resignation"]

1. e4 c5 2. Nc3 Nc6 3. f4 g6 4.
Nf3 Bg7 5. Bb5 Nd4 6. O-O a6 7. Bd3 b5 8. e5 Bb7 9. Nxd4 cxd4 10. Ne4 Qb6 11. Kh1 Nh6 12. b4 Nf5 13.
Nc5 Bd5 14. Bxf5 gxf5 15. d3 Rg8 16. Rf2 Qg6 17. Qe2 O-O-O 18. Bb2 d6 19. exd6 exd6 20. Nb3 Rde8 21. Qf1 Bh6 22. Nxd4 Bg7 23. Rc1 Bxd4 24. Bxd4 Kb7 25. c4 Bc6 26. a4 bxc4 27. dxc4 Qh5 28. b5 Be4 29. bxa6+ Ka8 30. Bc5 dxc5 31. Qg1 Rxg2 32.
Rxg2 Rg8 33. Rc2 Rxg2 34. Rxg2 Ka7 35. Qf2 Qd1+ 36. Qg1 Qf3 37. h3 Qxh3+ 38. Qh2 Bxg2+ 39. Kg1 Qxh2+ 40. Kxh2 Bf1 41. Kg3 Bxc4 42. Kh4 Be6 43.
Kg5 Kxa6 0-1

[Event "*** SCC Grand Prix: Titled Tuesday Blitz"]
[Site "Chess.com"]
[Date "2020.08.11"]
[Round "3"]
[White "Iris77"]
[Black "sergeikim"]
[Result "0-1"]
[WhiteElo "2050"]
[BlackElo "2462"]
[TimeControl "180+1"]
[EndTime "10:29:41 PDT"]
[Termination "sergeikim won on time"]

1. d4 Nf6 2. Bf4 g6 3. Nc3 Bg7 4. e4 d6 5. h4 h5 6. Be2 c6 7. Nf3 b5 8. a3 a5 9. e5 Ng4 10.
exd6 exd6 11. Ng5 d5 12. f3 Nf6 13. Qd2 O-O 14. Nd1 Nbd7 15. Nf2 Nb6 16. b3 a4 17. O-O Re8 18. Rfe1 Bf5 19. Bd3 Qd7 20. Bxf5 Qxf5 21. Be5 Nbd7 22. Nd3 Bh6 23. Bf4 axb3 24. cxb3 Rxe1+ 25. Nxe1 Nh7 26. Nd3 Nxg5 27. hxg5 Bg7 28. Be3 h4 29. a4 bxa4 30. bxa4 Nb6 31. Nb2 h3 32. Kh2 hxg2 33. Kxg2 Nd7 34. a5 Nf8 35. Nd3 Ne6 36. a6 Bxd4 37. Bxd4 Nxd4 0-1

[Event "*** SCC Grand Prix: Titled Tuesday Blitz"]
[Site "Chess.com"]
[Date "2020.08.11"]
[Round "3"]
[White "igorknyazev"]
[Black "SRDR8290"]
[Result "0-1"]
[WhiteElo "1931"]
[BlackElo "2384"]
[TimeControl "180+1"]
[EndTime "10:29:41 PDT"]
[Termination "SRDR8290 won by resignation"]

1. e4 e6 2. d3 d5 3. Nd2 Nf6 4. f4 c5 5. Ngf3 Nc6 6. g3 Be7 7. Bg2 O-O 8. O-O b5 9. e5 Nd7 10. c4 bxc4 11. dxc4 Nb6 12. b3 Bb7 13. cxd5 exd5 14.
Bb2 Nb4 15. Rb1 Ba6 16. f5 Bxf1 17. Qxf1 Re8 18. f6 Bf8 19. Ng5 g6 20. e6 Rxe6 21. Nxe6 Qe8 22. Nc7 Qe3+ 23. Qf2 Qxf2+ 24. Kxf2 Rc8 25.
Nb5 a6 26. Nc3 c4 27. a3 Nd3+ 28. Ke2 Nxb2 29. Rxb2 Bxa3 30. Ra2 Bb4 31. Nxd5 Nxd5 32. Bxd5 c3 33. Nc4 a5 34. Kd3 Rd8 35. Ke4 Re8+ 36. Kf3 Rd8 37. Be4 h5 38. Re2 g5 39.
g4 h4 40. Bc2 Bc5 41. Ne5 Bd4 42.
Nc6 Rc8 43. Nxd4 Kf8 44. Nb5 Rc6 45. Re4 Rxf6+ 46. Ke3 Rb6 47. Nd4 Rf6 48. Ne2 Rf1 49. Nxc3 Rh1 50. Nd5 Rxh2 51. Bd3 Rh3+ 52. Kd4 Rg3 53.
Ke5 Rxd3 54. Ne3 h3 55. Nf1 Rf3 56. Nh2 Rf2 57. Re3 Rxh2 58. Kf6 Rf2+ 59. Kxg5 h2 60. Kh4 h1=Q+ 0-1

[Event "*** SCC Grand Prix: Titled Tuesday Blitz"]
[Site "Chess.com"]
[Date "2020.08.11"]
[Round "3"]
[White "Twitch_ElhamBlitz05"]
[Black "Chesswizard_2007"]
[Result "1-0"]
[WhiteElo "2762"]
[BlackElo "2507"]
[TimeControl "180+1"]
[EndTime "10:29:42 PDT"]
[Termination "Twitch_ElhamBlitz05 won by resignation"]

1. e4 e5 2. Nc3 Nf6 3. Bc4 c6 4.
d4 exd4 5. Qxd4 d6 6. Nf3 Be7 7. Bg5 h6 8. Bf4 O-O 9. O-O-O b5 10. Be2 c5 11. Qd3 b4 12. Nd5 Ba6 13. Qd2 Nxd5 14.
Bxa6 Nc3 15. Bb7 Qa5 16. Qd3 Nxd1 17. Rxd1 Nd7 18. Bxa8 Rxa8 19. Bxd6 Bxd6 20. Qxd6 Nb6 21. Kb1 Na4 22. Qc6 Rb8 23. Qd6 Nc3+ 24. bxc3 Rb6 25. Qd8+ Kh7 26. c4 Qa4 27. Qd3 b3 28. cxb3 Qa3 29.
e5+ g6 30. h4 a5 31. Nd2 a4 32. e6 Rxe6 33. h5 axb3 34. hxg6+ Kg7 35. Nxb3 Rxg6 36. g3 Ra6 37. Qc2 Re6 38. Qb2+ Qxb2+ 39. Kxb2 Re4 40. Rc1 Re5 41. a4 h5 42. a5 h4 43. gxh4 Re4 44. a6 Rxh4 45. a7 Rh8 46.
Nxc5 Ra8 47. Ra1 Rxa7 48. Rxa7 Kg6 49. Nd3 Kf5 50. c5 Ke4 51. c6 Kf3 52. c7 Ke2 53.
c8=Q f5 54. Qxf5 Kf1 55. Ra1+ Kg2 56. Qg4+ 1-0

[Event "*** SCC Grand Prix: Titled Tuesday Blitz"]
[Site "Chess.com"]
[Date "2020.08.11"]
[Round "3"]
[White "GOGIEFF"]
[Black "GoltsevDmitry2000"]
[Result "0-1"]
[WhiteElo "2857"]
[BlackElo "2613"]
[TimeControl "180+1"]
[EndTime "10:29:42 PDT"]
[Termination "GoltsevDmitry2000 won on time"]

1. d4 Nf6 2. c4 e6 3. Nc3 Bb4 4. Qc2 Qe7 5. Bg5 h6 6. Bh4 b6 7. e3 Bb7 8. Ne2 O-O 9. a3 Bxc3+ 10. Nxc3 d6 11. Be2 g5 12. Bg3 Bxg2 13. Rg1 Bh3 14. f4 Bf5 15. e4 Bg6 16. fxg5 hxg5 17. h4 d5 18. hxg5 Nxe4 19. Bd3 Qxg5 20. Bxe4 dxe4 21. Qh2 Qe3+ 22. Ne2 Nd7 23. Bf4 Qf3 24. O-O-O e3 25. Qh6 Qe4 26. Rxg6+ fxg6 27. Rg1 Kf7 28. Qh7+ Ke8 29. Rxg6 Nf6 30. Qh6 Qf5 31. Bxe3 Ng4 32. Rxe6+ Kd7 33. Qg7+ Rf7 0-1

[Event "*** SCC Grand Prix: Titled Tuesday Blitz"]
[Site "Chess.com"]
[Date "2020.08.11"]
[Round "3"]
[White "Chernobay_Artem"]
[Black "icychess54"]
[Result "0-1"]
[WhiteElo "2498"]
[BlackElo "2232"]
[TimeControl "180+1"]
[EndTime "10:29:42 PDT"]
[Termination "icychess54 won on time"]

1. d4 d5 2. c4 c6 3. Nf3 Nf6 4. Nc3 e6 5. Bg5 Nbd7 6. e3 Qa5 7. Nd2 Bb4 8. Qc2 Ne4 9. Ndxe4 dxe4 10. Bf4 e5 11.
dxe5 Nxe5 12. Be2 O-O 13. O-O Bxc3 14. bxc3 Bf5 15. Rfd1 Rad8 16. Rd4 Nd3 17. Bg3 c5 18. Rd5 Rxd5 19. cxd5 c4 20. d6 Rd8 21. Rb1 b5 22. h3 a6 23. Bg4 Bxg4 24. hxg4 Qa3 25. Rf1 f6 26. g5 f5 27. f3 Qc5 28. Kh1 Qxe3 29. Kh2 f4 30. Bh4 Rxd6 31. fxe4 Qxe4 32. Rf3 Qf5 33. Qe2 Rd8 34. Qf1 Qg4 35. Rh3 Re8 36.
Qf3 Qxf3 37. Rxf3 Re2 0-1

[Event "*** SCC Grand Prix: Titled Tuesday Blitz"]
[Site "Chess.com"]
[Date "2020.08.11"]
[Round "3"]
[White "Sanan_Sjugirov"]
[Black "blitzking1729"]
[Result "1-0"]
[WhiteElo "2828"]
[BlackElo "2613"]
[TimeControl "180+1"]
[EndTime "10:29:43 PDT"]
[Termination "Sanan_Sjugirov won by resignation"]

1. e4 c6 2. d4 d5 3. e5 Bf5 4. Nf3 e6 5. Be2 Nd7 6. O-O h6 7. a4 Ne7 8. c3 Bh7 9. Na3 Ng6 10. Nc2 Be7 11. a5 O-O 12. b4 f6 13. exf6 Nxf6 14. Bd3 Ne4 15. Qe1 Nf4 16. Bxf4 Rxf4 17. Ne5 Bd6 18.
f3 Bxe5 19. dxe5 Ng5 20. Bxh7+ Kxh7 21. Nd4 Qe7 22. h4 Nf7 23. g3 Rxd4 24. cxd4 a6 25. f4 h5 26. f5 exf5 27. Rxf5 g6 28. Rf4 Nh6 29. Qf2 Qxb4 30. Qc2 Rg8 31. Rb1 Qe7 32. Rf3 Rg7 33. Rfb3 Nf5 34. Rxb7 Qa3 35. Rxg7+ Kxg7 36. Qb3 Qxa5 37. Qb7+ Kh6 38. Qc8 Kh7 39. Qf8 Ng7 40. Rb7 Qe1+ 41. Kg2 Qe4+ 42. Qf3 Qxd4 43. e6 Qb2+ 44. Rxb2 1-0

[Event "*** SCC Grand Prix: Titled Tuesday Blitz"]
[Site "Chess.com"]
[Date "2020.08.11"]
[Round "3"]
[White "Shota_Azaladze"]
[Black "Artem_Sadovsky"]
[Result "1-0"]
[WhiteElo "2682"]
[BlackElo "2422"]
[TimeControl "180+1"]
[EndTime "10:29:43 PDT"]
[Termination "Shota_Azaladze won on time"]

1. Nf3 g6 2. d4 Bg7 3. c3 d6 4. Bf4 Nd7 5. h3 e5 6. Bh2 f5 7. e3 e4 8. Nfd2 Ngf6 9. Be2 O-O 10. a4 Qe7 11. a5 a6 12. Na3 Kh8 13. Nac4 Rf7 14. Qb3 Nf8 15. Qa3 Ne6 16. Qb3 g5 17. h4 g4 18. O-O-O Nh5 19. Rdf1 Rb8 20. f3 exf3 21. gxf3 g3 22. f4 Nexf4 23. exf4 Qxe2 24. Re1 Qg2 25. Nxd6 Rf8 26. Nf7+ Rxf7 27. Qxf7 Be6 28. Qxc7 Rc8 29. Qd6 gxh2 30. Qxe6 Rf8 31. Qe2 Qxe2 32. Rxe2 Ng3 33. Rhxh2 Nxe2+ 34. Rxe2 Bh6 35. Kc2 Bxf4 36.
Nc4 Rf7 37. Kd3 Bg3 38. Ne5 Rc7 39. Nf3 Kg7 40. Re6 Bf4 41. b4 Rf7 42. d5 Rf6 43.
Rxf6 Kxf6 44. h5 Ke7 45. c4 Kd6 46. Kd4 Ke7 47. c5 Bg3 48. Kc4 Bf2 49. b5 Kd7 50. b6 Be3 51. Ne5+ Kc8 52. c6 Bd2 53. c7 1-0

[Event "*** SCC Grand Prix: Titled Tuesday Blitz"]
[Site "Chess.com"]
[Date "2020.08.11"]
[Round "3"]
[White "MasterSonnevanck23"]
[Black "artichaud"]
[Result "1-0"]
[WhiteElo "2360"]
[BlackElo "2150"]
[TimeControl "180+1"]
[EndTime "10:29:45 PDT"]
[Termination "MasterSonnevanck23 won on time"]

1. c4 f6 2. d4 e5 3. e3 Bb4+ 4. Bd2 Bxd2+ 5. Nxd2 d6 6. Bd3 Nh6 7. Ne2 Nc6 8. O-O Bg4 9. Qb3 Qc8 10. f3 Bd7 11. c5 dxc5 12. dxc5 Be6 13. Bc4 Bxc4 14. Qxc4 Ke7 15. Ng3 Rd8 16. Qc2 Kf8 17. Rad1 g6 18. f4 exf4 19. Rxf4 Kg7 20. Rdf1 Ng8 21. Nde4 Qe6 22.
Qc3 Rf8 23. Ne2 Qe5 24. Qxe5 Nxe5 25. Nd4 Rae8 26. h3 f5 27. Ng5 Rf6 28. R4f2 Nd3 29. Rd2 Nxc5 30. Nb5 h6 31. Nxc7 Rxe3 32. Nf3 Rf7 33.
Nd5 1-0

[Event "*** SCC Grand Prix: Titled Tuesday Blitz"]
[Site "Chess.com"]
[Date "2020.08.11"]
[Round "3"]
[White "binbin239"]
[Black "carlsen1001"]
[Result "0-1"]
[WhiteElo "2542"]
[BlackElo "2363"]
[TimeControl "180+1"]
[EndTime "10:29:46 PDT"]
[Termination "carlsen1001 won by checkmate"]

1. d4 Nf6 2. c4 e6 3. Nf3 d5 4. g3 Be7 5. Bg2 O-O 6. O-O dxc4 7. Qa4 a6 8. Qxc4 b5 9. Qc2 Bb7 10. a4 Nbd7 11. Rd1 Be4 12. Qd2 c5 13. Nc3 Bc6 14. axb5 axb5 15. Rxa8 Qxa8 16. dxc5 Nxc5 17. Qf4 Nd5 18.
Nxd5 Bxd5 19. Be3 Qa4 20. Qxa4 Nxa4 21. Bd4 Rc8 22. Ne5 Bxg2 23. Kxg2 f6 24. Nd3 e5 25. Be3 Rc2 26. b3 Nb2 27. Nxb2 Rxb2 28. Rd7 Kf8 29. b4 Rxe2 30. Rb7 Rb2 31. Rxb5 Rxb4 32. Ra5 Rb3 33.
Ra8+ Kf7 34. Ra7 Ke6 35. Ra6+ Bd6 36. Bc5 Rd3 37. Be3 h5 38. Ra7 g5 39. Rh7 h4 40.
gxh4 g4 41. h5 f5 42. Rh6+ Kd5 43. Rh8 f4 44. Ba7 e4 45. Kf1 f3 46. Rd8 Rd1# 0-1

[Event "*** SCC Grand Prix: Titled Tuesday Blitz"]
[Site "Chess.com"]
[Date "2020.08.11"]
[Round "3"]
[White "JonasHilwerda"]
[Black "chigorin28"]
[Result "0-1"]
[WhiteElo "2192"]
[BlackElo "2416"]
[TimeControl "180+1"]
[EndTime "10:29:46 PDT"]
[Termination "chigorin28 won on time"]

1. e4 c5 2. Nf3 d6 3. Bb5+ Bd7 4. Bxd7+ Qxd7 5. O-O e5 6. c3 Nc6 7. d4 Qc7 8. dxe5 dxe5 9. a4 Nf6 10. Qe2 Be7 11.
Na3 O-O 12. Bg5 a6 13. Nc4 Nh5 14. Bxe7 Qxe7 15. Nb6 Nf4 16. Qe3 Rad8 17. Rfd1 Qe6 18. g3 Qg4 19. Kh1 Nh3 20. Kg2 h6 21. Nd5 f5 22. exf5 Qxf5 23. Nh4 Qf7 24. Kxh3 Rxd5 25. Rxd5 Qxd5 26. Re1 g5 27. Ng2 g4+ 28. Kxg4 Qxg2 29.
Qxh6 Qf3+ 30. Kh4 Qf6+ 31. Qxf6 Rxf6 32. Re2 Kf7 33. Kg5 Ke6 34. h4 Rf5+ 35. Kg4 Rf8 36. h5 Rg8+ 37. Kh4 Kf5 38. f3 Nd8 39. Re4 Ne6 40.
g4+ Kf6 41. Re3 Nf4 42. Re4 b6 0-1

[Event "*** SCC Grand Prix: Titled Tuesday Blitz"]
[Site "Chess.com"]
[Date "2020.08.11"]
[Round "3"]
[White "Guenplen"]
[Black "AnonymousIM2023"]
[Result "1-0"]
[WhiteElo "2889"]
[BlackElo "2660"]
[TimeControl "180+1"]
[EndTime "10:29:49 PDT"]
[Termination "Guenplen won by resignation"]

1. d4 Nf6 2. Bf4 g6 3. e3 Bg7 4. Nf3 d6 5. h3 O-O 6. Be2 Nc6 7. O-O e5 8. Bh2 Qe8 9. c3 Ne4 10. a4 Kh8 11. Nbd2 f5 12. Nxe4 fxe4 13. Nd2 exd4 14. cxd4 Bf5 15. Rc1 Qf7 16. Qb3 Qxb3 17. Nxb3 Rae8 18. d5 Nb4 19. Rxc7 Nxd5 20. Rxb7 Rb8 21.
Rxb8 Rxb8 22. Na5 Rxb2 23. Bb5 Nc3 24. Nc4 Ra2 25. Nxd6 Nxa4 26. Bc4 Rd2 27. Nxf5 gxf5 28. Be6 Nc5 29. Bxf5 a5 30. Bg3 Bb2 31. Rb1 Kg8 32.
Bd6 Rxd6 33. Rxb2 a4 34. Rb5 Rd1+ 35. Kh2 Rc1 36. Ra5 Kg7 37. g4 Kf6 38. Bxh7 Ke5 39. h4 Kd5 40. g5 Kc6 41. g6 Ne6 42. Ra6+ Kd5 43. Rxe6 Kxe6 44. g7 Rc8 45. g8=Q+ Rxg8 46. Bxg8+ Kf5 47. Kg3 1-0